PA
SOUTH BEACH BLAZE @ GWINNETT COUNTY BLACK CATS
07/27/2020
 
TOP OF THE 1ST
South Beach Blaze batting - Pitching for Gwinnett County Black Cats : LHP Fernando Blanca
Pitching: LHP Fernando Blanca
Batting: RHB Jorge Maestas 0-0: Ball
1-0: Ball
2-0: Called Strike
2-1: Swinging Strike
2-2: Fly out, F6 (Popup, 6D)
Batting: LHB Tomás Mejía 0-0: Ball
1-0: Fly out, F7 (Flyball, 7M)
Batting: RHB León Domínguez 0-0: Called Strike
0-1: Swinging Strike
0-2: Strikes out swinging
Top of the 1st over - 0 run(s), 0 hit(s), 0 error(s), 0 left on base; South Beach 0 - Gwinnett County 0
BOTTOM OF THE 1ST
Gwinnett County Black Cats batting - Pitching for South Beach Blaze : LHP James Scott
Pitching: LHP James Scott
Batting: LHB Kent Roberts 0-0: Foul Ball, location: 2F
0-1: Foul Ball, location: 2F
0-2: Ball
1-2: Strikes out swinging
Batting: RHB Ernesto Fernández 0-0: Called Strike
0-1: Swinging Strike
0-2: Strikes out swinging
Batting: RHB Luis Hernández 0-0: Swinging Strike
0-1: Ball
1-1: Foul Ball, location: 2F
1-2: Ball
2-2: Ground out 5-3 (Groundball, 56S)
Bottom of the 1st over - 0 run(s), 0 hit(s), 0 error(s), 0 left on base; South Beach 0 - Gwinnett County 0
TOP OF THE 2ND
South Beach Blaze batting - Pitching for Gwinnett County Black Cats : LHP Fernando Blanca
Batting: RHB Lloyd Alberink 0-0: Ball
1-0: Fly out, F8 (Flyball, 8RS)
Batting: RHB Randy Rehling 0-0: Foul Ball, location: 2F
0-1: Ball
1-1: Ball
2-1: Ball
3-1: Foul Ball, location: 2F
3-2: Ground out 4-3 (Groundball, 34)
Batting: RHB Júlio Molina 0-0: Called Strike
0-1: Foul Ball, location: 2F
0-2: Ground out 6-3 (Groundball, 6)
Top of the 2nd over - 0 run(s), 0 hit(s), 0 error(s), 0 left on base; South Beach 0 - Gwinnett County 0
BOTTOM OF THE 2ND
Gwinnett County Black Cats batting - Pitching for South Beach Blaze : LHP James Scott
Batting: SHB Chris Murray 0-0: Hit by Pitch
Batting: RHB Daniel Ybarra 0-0: Swinging Strike
0-1: Foul Ball, location: 2F
0-2: SINGLE (Groundball, 25) (infield hit)
Chris Murray to second
Batting: LHB Jim Unknown 0-0: Called Strike
0-1: Called Strike
0-2: Ball
1-2: Ball
2-2: Ball
3-2: Strikes out swinging
Batting: RHB Luis Dávila 0-0: Foul Ball, location: 2F
0-1: Ball
1-1: Fly out, F8 (Flyball, 8RM)
Batting: LHB Jim Unknown 0-0: Called Strike
0-1: Ball
1-1: Foul Ball, location: 2F
1-2: Foul Ball, location: 2F
1-2: Ground out 3-1 (Groundball, 34S)
Bottom of the 2nd over - 0 run(s), 1 hit(s), 0 error(s), 2 left on base; South Beach 0 - Gwinnett County 0
TOP OF THE 3RD
South Beach Blaze batting - Pitching for Gwinnett County Black Cats : LHP Fernando Blanca
Batting: SHB Miguel Pérez 0-0: Swinging Strike
0-1: SINGLE (Line Drive, 6D)
Batting: LHB Gregg Young 0-0: Called Strike
0-1: Swinging Strike
0-2: Ball
1-2: Ball
2-2: Ball
3-2: Strikes out swinging
Batting: RHB Ted Cook 0-0: Ball
1-0: Ball
2-0: Swinging Strike
2-1: Called Strike
2-2: Fly out, F3 (Popup, 3F)
Batting: RHB Jorge Maestas 0-0: SINGLE (Flyball, 7LS)
Miguel Pérez to second
Batting: LHB Tomás Mejía 0-0: Called Strike
0-1: Called Strike
0-2: Fly out, F8 (Line Drive, 8RM)
Top of the 3rd over - 0 run(s), 2 hit(s), 0 error(s), 2 left on base; South Beach 0 - Gwinnett County 0
BOTTOM OF THE 3RD
Gwinnett County Black Cats batting - Pitching for South Beach Blaze : LHP James Scott
Batting: LHB Jim Unknown 0-0: Called Strike
0-1: Foul Ball, location: 2F
0-2: Ball
1-2: Foul Ball, location: 2F
1-2: Ball
2-2: Strikes out swinging
Batting: LHB Kent Roberts 0-0: Ball
1-0: Ball
2-0: Ball
3-0: Called Strike
3-1: Base on Balls
Batting: RHB Ernesto Fernández 0-0: Called Strike
0-1: SINGLE (Line Drive, 89S)
Kent Roberts to second
Batting: RHB Luis Hernández 0-0: Called Strike
0-1: Fly out, F8 (Flyball, 78M)
Batting: SHB Chris Murray 0-0: Called Strike
0-1: Ball
1-1: Ball
2-1: Swinging Strike
2-2: Strikes out swinging
Bottom of the 3rd over - 0 run(s), 1 hit(s), 0 error(s), 2 left on base; South Beach 0 - Gwinnett County 0
TOP OF THE 4TH
South Beach Blaze batting - Pitching for Gwinnett County Black Cats : LHP Fernando Blanca
Batting: RHB León Domínguez 0-0: Called Strike
0-1: Ball
1-1: Ground out 5-3 (Groundball, 6S)
Batting: RHB Lloyd Alberink 0-0: SINGLE (Groundball, 56)
Batting: RHB Randy Rehling 0-0: Ball
Lloyd Alberink is caught stealing 2nd base
1-0: SINGLE (Line Drive, 56)
Batting: RHB Júlio Molina 0-0: Called Strike
0-1: Called Strike
0-2: Ground out 5-3 (Groundball, 56S)
Top of the 4th over - 0 run(s), 2 hit(s), 0 error(s), 1 left on base; South Beach 0 - Gwinnett County 0
BOTTOM OF THE 4TH
Gwinnett County Black Cats batting - Pitching for South Beach Blaze : LHP James Scott
Batting: RHB Daniel Ybarra 0-0: Foul Ball, location: 2F
0-1: Ball
1-1: Foul Ball, location: 2F
1-2: Foul Ball, location: 2F
1-2: Ball
2-2: Ground out 5-3 (Groundball, 56S)
Batting: LHB Jim Unknown 0-0: Ball
1-0: Ball
2-0: Called Strike
2-1: Foul Ball, location: 2F
2-2: Foul Ball, location: 2F
2-2: Fly out, F8 (Flyball, 8RM)
Batting: RHB Luis Dávila 0-0: Called Strike
0-1: Foul Ball, location: 2F
0-2: Strikes out looking
Bottom of the 4th over - 0 run(s), 0 hit(s), 0 error(s), 0 left on base; South Beach 0 - Gwinnett County 0
TOP OF THE 5TH
South Beach Blaze batting - Pitching for Gwinnett County Black Cats : LHP Fernando Blanca
Batting: SHB Miguel Pérez 0-0: Called Strike
0-1: Swinging Strike
0-2: Strikes out swinging
Batting: LHB Gregg Young 0-0: Called Strike
0-1: Called Strike
0-2: Strikes out swinging
Batting: RHB Ted Cook 0-0: Called Strike
0-1: Fly out, F4 (Popup, 3D)
Top of the 5th over - 0 run(s), 0 hit(s), 0 error(s), 0 left on base; South Beach 0 - Gwinnett County 0
BOTTOM OF THE 5TH
Gwinnett County Black Cats batting - Pitching for South Beach Blaze : LHP James Scott
Batting: LHB Jim Unknown 0-0: Bunt for hit - play at first, batter safe!
Batting: LHB Jim Unknown 0-0: Called Strike
0-1: Foul Ball, location: 2F
0-2: Foul Ball, location: 2F
0-2: Ball
1-2: Ground out 4-3 (Groundball, 34S)
Jim Unknown to second
Batting: LHB Kent Roberts 0-0: Ball
1-0: Foul Ball, location: 2F
1-1: Ball
2-1: Ball
3-1: Foul Ball, location: 2F
3-2: Strikes out looking
Batting: RHB Ernesto Fernández 0-0: Called Strike
0-1: Ball
1-1: Ball
2-1: Swinging Strike
2-2: Strikes out swinging
Bottom of the 5th over - 0 run(s), 1 hit(s), 0 error(s), 1 left on base; South Beach 0 - Gwinnett County 0
TOP OF THE 6TH
South Beach Blaze batting - Pitching for Gwinnett County Black Cats : LHP Fernando Blanca
Batting: RHB Jorge Maestas 0-0: Ball
1-0: Called Strike
1-1: Called Strike
1-2: Ball
2-2: Ball
3-2: Strikes out looking
Batting: LHB Tomás Mejía 0-0: Ball
1-0: Called Strike
1-1: Ball
2-1: Swinging Strike
2-2: Ground out 4-3 (Groundball, 4M)
Batting: RHB León Domínguez 0-0: Called Strike
0-1: Swinging Strike
0-2: Foul Ball, location: 2F
0-2: Foul Ball, location: 2F
0-2: Ball
1-2: Strikes out looking
Top of the 6th over - 0 run(s), 0 hit(s), 0 error(s), 0 left on base; South Beach 0 - Gwinnett County 0
BOTTOM OF THE 6TH
Gwinnett County Black Cats batting - Pitching for South Beach Blaze : LHP James Scott
Batting: RHB Luis Hernández 0-0: Ball
1-0: SINGLE (Line Drive, 7S)
Batting: SHB Chris Murray 0-0: Called Strike
0-1: Ball
1-1: Ball
Wild Pitch!
Luis Hernández to second
2-1: Ball
3-1: Ground out 6-3 (Groundball, 4M)
Luis Hernández to third
Batting: RHB Daniel Ybarra 0-0: Called Strike
0-1: Ball
1-1: Ball
2-1: DOUBLE (Line Drive, 7M)
Luis Hernández scores
Batting: LHB Jim Unknown 0-0: Ball
1-0: Called Strike
1-1: Ball
2-1: Foul Ball, location: 2F
2-2: Ball
3-2: Foul Ball, location: 2F
3-2: Foul Ball, location: 2F
3-2: Ground out 6-3 (Groundball, 6M)
Daniel Ybarra to third
Batting: RHB Luis Dávila 0-0: Ball
1-0: Foul Ball, location: 2F
1-1: Called Strike
1-2: Hit by Pitch
Pitching: LHP Juan Méndez
Batting: LHB Jim Unknown 0-0: Ball
1-0: SINGLE (Line Drive, 4)
Daniel Ybarra scores
Luis Dávila to second
Throwing error, E9
Luis Dávila scores
Jim Unknown to second
Batting: LHB Jim Unknown 0-0: Swinging Strike
0-1: Foul Ball, location: 2F
0-2: Ball
1-2: Ball
2-2: Ground out 3-1 (Groundball, 34)
Bottom of the 6th over - 3 run(s), 3 hit(s), 1 error(s), 1 left on base; South Beach 0 - Gwinnett County 3
TOP OF THE 7TH
South Beach Blaze batting - Pitching for Gwinnett County Black Cats : LHP Fernando Blanca
Batting: RHB Lloyd Alberink 0-0: Called Strike
0-1: Swinging Strike
0-2: Strikes out swinging
Batting: RHB Randy Rehling 0-0: Ground out 5-3 (Groundball, 56)
Batting: RHB Júlio Molina 0-0: Ball
1-0: Called Strike
1-1: Called Strike
1-2: Strikes out swinging
Top of the 7th over - 0 run(s), 0 hit(s), 0 error(s), 0 left on base; South Beach 0 - Gwinnett County 3
BOTTOM OF THE 7TH
Gwinnett County Black Cats batting - Pitching for South Beach Blaze : LHP Juan Méndez
Batting: LHB Kent Roberts 0-0: Ball
1-0: Ball
2-0: Ball
3-0: Called Strike
3-1: Foul Ball, location: 2F
3-2: Base on Balls
Batting: RHB Ernesto Fernández 0-0: Swinging Strike
0-1: Fly out, F9 (Flyball, 9D)
Runner from 1st tags up, SAFE at 2nd
Batting: RHB Luis Hernández 0-0: Intentional Walk
Batting: SHB Chris Murray 0-0: Ball
Kent Roberts steals 3rd base
Luis Hernández to second
1-0: Intentional Walk
Pinch Hitting: RHB Jim Unknown 0-0: Ball
1-0: Fly out, F7 (Popup, 78S)
Pinch Hitting: RHB Jim Unknown 0-0: Swinging Strike
0-1: Ball
1-1: Ball
2-1: Ground out 3-1 (Groundball, 34S)
Bottom of the 7th over - 0 run(s), 0 hit(s), 0 error(s), 3 left on base; South Beach 0 - Gwinnett County 3
TOP OF THE 8TH
South Beach Blaze batting - Pitching for Gwinnett County Black Cats : LHP Fernando Blanca
Now at 3B: Jim Unknown
Batting: SHB Miguel Pérez 0-0: Ball
Now at 2B: Jim Unknown 1-0: Foul Ball, location: 2F
1-1: Ball
2-1: Ball
3-1: Base on Balls
Batting: LHB Gregg Young 0-0: Swinging Strike
0-1: Grounds into double play, 5-4-3 (Groundball, 5D)
Batting: RHB Ted Cook 0-0: Foul Ball, location: 2F
0-1: SINGLE (Line Drive, 7LS)
Batting: RHB Jorge Maestas 0-0: Fly out, F7 (Flyball, 78D)
Top of the 8th over - 0 run(s), 1 hit(s), 0 error(s), 1 left on base; South Beach 0 - Gwinnett County 3
BOTTOM OF THE 8TH
Gwinnett County Black Cats batting - Pitching for South Beach Blaze : LHP Juan Méndez
Batting: RHB Luis Dávila 0-0: Called Strike
0-1: Ball
1-1: Fly out, F3 (Popup, 3DF)
Batting: LHB Jim Unknown 0-0: Foul Ball, location: 2F
0-1: Ball
1-1: SOLO HOME RUN (Line Drive, 8RXD), Distance : 451 ft
Batting: LHB Jim Unknown 0-0: Ball
1-0: Ground out 4-3 (Groundball, 4)
Batting: LHB Kent Roberts 0-0: Called Strike
0-1: Ball
1-1: Foul Ball, location: 2F
1-2: Ball
2-2: Foul Ball, location: 2F
2-2: Ball
3-2: Fly out, F8 (Flyball, 8RM)
Bottom of the 8th over - 1 run(s), 1 hit(s), 0 error(s), 0 left on base; South Beach 0 - Gwinnett County 4
TOP OF THE 9TH
South Beach Blaze batting - Pitching for Gwinnett County Black Cats : LHP Fernando Blanca
Batting: LHB Tomás Mejía 0-0: Called Strike
0-1: Swinging Strike
0-2: Ball
1-2: Foul Ball, location: 2F
1-2: Ball
2-2: Ground out U3 (Groundball, 3)
Batting: RHB León Domínguez 0-0: Fly out, F7 (Flyball, 7LM)
Batting: RHB Lloyd Alberink 0-0: Ball
1-0: Called Strike
1-1: Called Strike
1-2: Ball
2-2: Ball
3-2: Foul Ball, location: 2F
3-2: Fly out, F4 (Popup, 6MD)
Top of the 9th over - 0 run(s), 0 hit(s), 0 error(s), 0 left on base; South Beach 0 - Gwinnett County 4
This league is powered by Out of the Park Baseball, the baseball management simulation game for PC, Mac and Linux
Friday, October 23rd, 2015 - OOTP Baseball 16.9 Build 39